 Dungeon Crawl Stone Soup version 0.27.1-2-g3b301248ec (webtiles) character file.

Game seed: 12594138051949846710

50 Violens the Slasher (level 3, 0/34 HPs)
             Began as a Minotaur Berserker on Sept 24, 2021.
             Was a Believer of Trog.
             Slain by an orc priest (3 damage)
             ... on level 3 of the Dungeon.
             The game lasted 00:10:07 (1561 turns).

Violens the Slasher (Minotaur Berserker)            Turns: 1561, Time: 00:10:07

Health: 0/34       AC: 12    Str: 22    XL:     3   Next: 55%
Magic:  2/2        EV:  6    Int:  4    God:    Trog [**....]
Gold:   94         SH:  0    Dex:  9    Spells: 2/2 levels left

rFire    . . .     SeeInvis .   a - +0 falchion
rCold    . . .     Faith    .   (no shield)
rNeg     . . .     Spirit   .   c - +0 plate armour
rPois    .         Reflect  .   (helmet restricted)
rElec    .         Harm     .   (no cloak)
rCorr    .         Rampage  .   l - +0 pair of gloves
Will     .....                  (no boots)
Stlth    ..........             (no amulet)
HPRegen  0.11/turn              (no ring)
MPRegen  0.08/turn              (no ring)

@: hasted, very quick
A: horns 2, retaliatory headbutt
a: Renounce Religion, Berserk, Trog's Hand


You were on level 3 of the Dungeon.
You worshipped Trog.
Trog was pleased with you.
You visited 1 branch of the dungeon, and saw 3 of its levels.

You collected 94 gold pieces.

Inventory:

Hand Weapons
 a - a +0 falchion (weapon)
 f - a +0 mace
Missiles
 d - 41 bolts
 i - 45 arrows
 m - 2 javelins (quivered)
Armour
 b - a +0 animal skin
 c - a +0 plate armour (worn)
 l - a +0 pair of gloves (worn)
Scrolls
 e - a scroll of identify {unknown}
 j - a scroll of amnesia {unknown}
 n - a scroll of immolation {unknown}
Potions
 g - a potion of heal wounds {unknown}
 h - a potion of haste
 k - a potion of might {unknown}


   Skills:
 + Level 4.3 Fighting
 + Level 4.6 Long Blades
 + Level 2.8 Armour
 + Level 2.5 Dodging


You had 2 spell levels left.
You didn't know any spells.
Your spell library was empty.

Dungeon Overview and Level Annotations

Branches:
Dungeon (3/15)

Altars:
Wu Jian

Shops:
D:2 =

Annotations:
D:3 Jessica


Innate Abilities, Weirdness & Mutations

You have a pair of horns on your head.
You reflexively headbutt those who attack you in melee.


Message History

Jessica mumbles some strange words.
Jessica blinks!
The orc priest mumbles some strange prayers to Beogh against you.
Beogh smites you! The orc hits you with a +0 short sword.
* * * LOW HITPOINT WARNING * * *
You barely miss the orc.
The orc is lightly wounded.
The orc hits you but does no damage.
You closely miss the orc.
The orc is lightly wounded.
The orc priest looks braver for a moment.
The orc hits you but does no damage.
You closely miss the orc.
The orc is lightly wounded.
The orc completely misses you.
You slash the orc!
You kill the orc!
Trog accepts your kill.
You can now call upon Trog for regeneration and willpower.
Jessica casts a spell at you. Pain shoots through your body!
* * * LOW HITPOINT WARNING * * *
It was a potion of haste.
You feel yourself speed up. The orc closely misses you.
There is an ornate altar of the Wu Jian Council here.
You kneel at the altar of Wu Jian.
You hit the orc.
The orc is moderately wounded.
The orc hits you but does no damage.
The orc priest miscasts a cantrip.
You hit the orc. You headbutt the orc.
You kill the orc!
Trog accepts your kill.
The orc priest hits you but does no damage.
Things that are here:
a +0 hand axe; an orc corpse You barely miss the orc priest.
You headbutt the orc priest.
The orc priest is moderately wounded.
The orc priest hits you with a +0 whip.
You die...

########..# #.#.# #...........
##.###.#.# ####.##........
#.....#####.....#.......# .
##.#####8###....#.......# ..
#..##8...8##...#........
..########.##.......##.#.........
..##.......#8..._...8###...####..
#.......##.......## #...# #..
#.......###8.@.8## #...# #..
#.........###o##### #...# #..
######.##.###@#...# ##### ###
##.#.....o....# ..........#....#
...####...#.#.## .... ##..#.#.#
.... ##.>....# ..... #.........#


You could see an orc priest, Jessica (fast) and an orc.

Vanquished Creatures
  An adder (D:2)
  3 orcs (D:3)
  4 ball pythons
  3 bats (D:1)
  3 endoplasms
  2 giant cockroaches (D:1)
  2 goblins
  6 hobgoblins
  A frilled lizard (D:1)
  4 kobolds
  6 rats
35 creatures vanquished.

Notes
Turn   | Place    | Note
-------+----------+-------------------------------------------
     0 | D:1      | Violens the Minotaur Berserker began the quest for the Orb.
     0 | D:1      | Reached XP level 1. HP: 19/19 MP: 0/0
    28 | D:1      | Found a faded altar of an unknown god.
   177 | D:1      | Reached XP level 2. HP: 27/27 MP: 1/1
   765 | D:2      | Reached XP level 3. HP: 29/33 MP: 2/2
   769 | D:2      | Found Ewnenida's Jewellery Shoppe.
  1231 | D:3      | Reached ** piety under Trog
  1377 | D:3      | Found an ornate altar of the Wu Jian Council.
  1532 | D:3      | Noticed Jessica
  1536 | D:3      | Noticed an ogre
  1561 | D:3      | Slain by an orc priest

Illustrated notes

Levels and vault maps discovered:
D:1:      psy_arrival_spokes, layout_rooms, chequers_ecumenical_altar_simple,
          minmay_tetromino_o4
D:2:      layout_rooms, serial_shops, shop
D:3:      layout_basic, nzn_wu_jian_council_hall, grunt_ministairs_2,
          uniq_sigmund, uniq_jessica

Skill      XL: |  1  2 |
---------------+-------+-----
Long Blades    | 4 |  4.6
Fighting       | 4 |  4.3
Armour         | |  2.8
Dodging        | |  2.5

Action                   || total
-------------------------++-------
Melee: Falchion          ||    64
       Headbutt          ||    11
  Use: Potion            ||     1
Armor: Plate armour      ||    25
Dodge: Dodged            ||    22
       Rpst.: Falchion   ||     5
